 Dungeon Crawl Stone Soup version 0.28.0 (webtiles) character file.

Game seed: 7853432408664190698

332 diecastcamel the Chopper (level 6, 0/52 HPs)
             Began as a Minotaur Berserker on Feb 5, 2022.
             Was a Believer of Trog.
             Succumbed to a killer bee's poison
             ... on level 3 of the Dungeon.
             The game lasted 00:19:28 (3814 turns).

diecastcamel the Chopper (Minotaur Berserker)       Turns: 3814, Time: 00:19:29

Health: 0/52       AC:  7    Str: 23    XL:     6   Next: 26%
Magic:  5/5        EV: 10    Int:  6    God:    Trog [**....]
Gold:   185        SH:  7    Dex: 10    Spells: 5/5 levels left

rFire   . . .      SeeInvis +   a - +0 hand axe
rCold   + . .      Faith    .   d - +0 kite shield
rNeg    . . .      Spirit   .   l - +3 leather armour of Abstinence {Int+2}
rPois   .          Reflect  .   (helmet restricted)
rElec   .          Harm     .   (no cloak)
rCorr   .          Rampage  .   (no gloves)
Will    .....                   h - +0 pair of boots
Stlth   +.........              (no amulet)
HPRegen 0.17/turn               m - ring of protection from cold
MPRegen 0.09/turn               k - ring of see invisible

@: lethally poisoned (0 -> -5), on berserk cooldown, slowed, invisible, very
slow
A: horns 2, retaliatory headbutt
a: Renounce Religion, Berserk, Trog's Hand


You were on level 3 of the Dungeon.
You worshipped Trog.
Trog was pleased with you.
You visited 1 branch of the dungeon, and saw 4 of its levels.

You collected 185 gold pieces.

Inventory:

Hand Weapons
 a - a +0 hand axe (weapon)
 n - a +0 morningstar
Missiles
 c - 115 stones
 j - 6 javelins (quivered)
Armour
 d - a +0 kite shield (worn)
 h - a +0 pair of boots (worn)
 l - the +3 leather armour of Abstinence (worn) {Int+2}
   (You found it on level 3 of the Dungeon)

   Int:       It affects your intelligence (+2).
Jewellery
 e - a ring of magical power
 k - a ring of see invisible (right hand)
 m - a ring of protection from cold (left hand)
Wands
 i - a wand of mindburst (8)
Potions
 b - a potion of invisibility
 f - a potion of ambrosia {unknown}
 g - a potion of curing {unknown}
 o - a potion of brilliance {unknown}
 p - a potion of berserk rage {unknown}


   Skills:
 - Level 4.2 Fighting
 - Level 6.8 Axes
 - Level 3.1 Armour
 - Level 2.7 Dodging
 - Level 1.1 Shields
 * Level 2.2 Evocations


You had 5 spell levels left.
You didn't know any spells.
Your spell library was empty.

Dungeon Overview and Level Annotations

Branches:
Dungeon (4/15)
 Temple: D:4-7

Altars:

Shops:
D:2 (


Innate Abilities, Weirdness & Mutations

You have a pair of horns on your head.
You reflexively headbutt those who attack you in melee.


Message History

* * * LOW HITPOINT WARNING * * *
You feel very sick. You block the killer bee's attack.
You hit the killer bee. You headbutt the killer bee.
The killer bee is severely wounded.
* * * LOW HITPOINT WARNING * * *
You feel very sick. The killer bee misses you. You furiously retaliate!
You headbutt the killer bee. The killer bee completely misses you.
You closely miss the killer bee.
The killer bee is almost dead.
* * * LOW HITPOINT WARNING * * *
You feel very sick. The killer bee stings you.
* * * LOW HITPOINT WARNING * * *
The killer bee misses you. You furiously retaliate!
You headbutt the killer bee.
You kill the killer bee!
Trog accepts your kill.
Your Evocations skill increases to level 2!
There is a lethal amount of poison in your body!
There is a lethal amount of poison in your body!
A red film seems to cover your vision as you go berserk!
You feel yourself moving faster!
You feel mighty!
* * * LOW HITPOINT WARNING * * *
You feel sick.
You feel a strong urge to attack something.
* * * LOW HITPOINT WARNING * * *
You feel sick.
* * * LOW HITPOINT WARNING * * *
You feel sick.
You are too berserk!
You feel your anger nearly subside.
* * * LOW HITPOINT WARNING * * *
You feel sick.
Unknown command.
You are no longer berserk.
You are exhausted.
You feel yourself slow down.
You die...

...#.).###### #.#.....#
.#)#...##...# #.#.#.###
.#.##.###.#.###.#.#..# ##..#.#
#.#..##.#.##.# ##.#.#
#.##.##.#.##.# #.#.#
#.##..#.#.##.############
#.#.###.###.#.#...............#
#.......# #.#.####.#########.##
######### #...@...[........#.#
#....>...####...##.# #.....#.##
#...##.# #.#.#.#.# #...##.#
#.#...#.# #...##.# #.#...#.#
#.รท.##.# #.#...#.# #...##.#
#.#...#.# #...##.# #.#...#.#
#......#


There were no monsters in sight!

Vanquished Creatures
  An ogre (D:4)
  2 killer bees (D:3)
  Ijyb (D:3)
  6 adders
  2 worms
  2 dart slugs
  2 orcs
  6 ball pythons
  6 bats
  6 endoplasms
  5 giant cockroaches
  3 hobgoblins
  2 jackals (D:1)
  2 quokkas (D:2)
  6 frilled lizards
  6 goblins
  6 kobolds
  4 rats
  A spectral goblin (D:2)
69 creatures vanquished.

Notes
Turn   | Place    | Note
-------+----------+-------------------------------------------
     0 | D:1      | diecastcamel the Minotaur Berserker began the quest for the
                  | Orb.
     0 | D:1      | Reached XP level 1. HP: 19/19 MP: 0/0
   393 | D:1      | Reached XP level 2. HP: 24/27 MP: 1/1
   598 | D:1      | Reached skill level 4 in Axes
  1007 | D:2      | Found Conku's Weapon Boutique.
  1070 | D:2      | Reached XP level 3. HP: 33/33 MP: 2/2
  1147 | D:2      | Reached ** piety under Trog
  1438 | D:2      | Found a faded altar of an unknown god.
  1463 | D:2      | Reached skill level 1 in Shields
  1967 | D:3      | Reached XP level 4. HP: 40/40 MP: 3/3
  2086 | D:3      | Noticed Ijyb
  2106 | D:3      | Killed Ijyb
  2107 | D:3      | Reached skill level 5 in Axes
  3131 | D:3      | Reached XP level 5. HP: 46/46 MP: 4/4
  3170 | D:3      | Identified the +3 leather armour of Abstinence {Int+2}
  3445 | D:4      | Noticed an ogre
  3468 | D:4      | Killed an ogre
  3469 | D:4      | Reached skill level 6 in Axes
  3667 | D:4      | Noticed an ogre
  3807 | D:3      | Reached skill level 1 in Evocations
  3807 | D:3      | Reached XP level 6. HP: 16/52 MP: 5/5
  3810 | D:3      | HP: 3/78 [poisoned by a killer bee]
  3812 | D:3      | HP: 1/78 [poisoned by a killer bee]
  3814 | D:3      | Succumbed to a killer bee's poison

Illustrated notes

Levels and vault maps discovered:
D:1:      mrwooster_arrival_arrow, layout_rooms
D:2:      layout_basic, dreamdust_ecumenical_altar_drowned_temple, serial_shops,
          shop, grunt_ministairs_9, minmay_misc_feat_chi
D:3:      minmay_general_purpose_star, layout_basic, minivault_19,
          kennysheep_generic_room_6, uniq_ijyb
D:4:      layout_loops_ring, item_on_display_a

Skill      XL: |  1  2  3  4  5  6 |
---------------+-------------------+-----
Axes           | 4 5 6 |  6.8
Fighting       | 4 |  4.2
Armour         | 3 |  3.1
Shields        | 1 |  1.1
Evocations     | 1 2 |  2.2
Dodging        | |  2.7

Action                   |  1- 3 |  4- 6 || total
-------------------------+-------+-------++-------
Melee: Hand axe          |    89 |   104 ||   193
       Headbutt          |    14 |    13 ||    27
Invok: Berserk           |     1 |     2 ||     3
       Trog's Hand       |       |     1 ||     1
Evoke: Wand              |       |     4 ||     4
  Use: Scroll            |     3 |     1 ||     4
       Potion            |       |     1 ||     1
Armor: Animal skin       |    10 |       ||    10
       Ring mail         |     2 |    17 ||    19
       Leather armour    |       |    20 ||    20
Dodge: Dodged            |    44 |    51 ||    95
Block: Kite shield       |    15 |    28 ||    43
